 Dungeon Crawl Stone Soup version 0.17-a0-1373-g64d4c99 (webtiles) character file.

36 sqallbeste the Sneak (level 3, -4/18 HPs)
             Began as a Spriggan Assassin on June 13, 2015.
             Was a Follower of Trog.
             Slain by a goblin
             ... wielding a +0 club
             ... led by Robin
              (5 damage)
             ... on level 2 of the Dungeon.
             The game lasted 00:04:45 (1165 turns).

sqallbeste the Sneak (Spriggan Assassin)            Turns: 1165, Time: 00:04:46

Health: -4/18      AC:  3    Str:  7    XL:     3   Next: 19%
Magic:  4/4        EV: 18    Int: 12    God:    Trog [*.....]
Gold:   36         SH:  0    Dex: 20    Spells: 0 memorised, 2 levels left

rFire  . . .     SeeInvis +     a - +2 dagger
rCold  . . .     Clarity  .     c - +0 robe
rNeg   . . .     SustAt   .     (shield restricted)
rPois  .         Gourm    .     (helmet restricted)
rElec  .         Spirit   .     d - +0 cloak
rCorr  .         Warding  .     (gloves unavailable)
rMut   .         Stasis   .     (boots unavailable)
MR     .....                    (no amulet)
Stlth  ++++......               (no ring)
                                k - +2 ring of dexterity

@: exhausted, about to teleport, slowed, quick, not resistant to hostile
enchantments, stealthy
A: unfitting armour, see invisible, herbivore 3, speed 3, slow metabolism 2
a: Burn Spellbooks, Berserk, Renounce Religion


You were on level 2 of the Dungeon.
You worshipped Trog.
Trog was aware of your devotion.
You were not hungry.

You visited 1 branch of the dungeon, and saw 2 of its levels.

You collected 36 gold pieces.

Inventory:

Hand weapons
 a - a +2 dagger (weapon)
 b - a +0 blowgun
Missiles
 e - 8 poisoned needles
 f - 2 curare-tipped needles
Armour
 c - a +0 robe (worn)
 d - a +0 cloak (worn)
Jewellery
 k - a +2 ring of dexterity (left hand)
Scrolls
 l - a scroll of amnesia
 m - 2 scrolls of identify {unknown}
 n - a scroll of fear {unknown}
Potions
 h - a potion of agility {unknown}
 j - a potion of lignification
 o - a potion of invisibility {unknown}
 p - a potion of curing {unknown}
Comestibles
 g - 3 bread rations


   Skills:
 - Level 1.5 Fighting
 + Level 2.5 Short Blades
 - Level 2.1 Throwing
 * Level 2.7 Dodging
 - Level 7.0 Stealth


You had 2 spell levels left.
You didn't know any spells.

Dungeon Overview and Level Annotations

Branches:
Dungeon (2/15)

Altars:
Trog

Annotations:
D:2 Robin


Innate Abilities, Weirdness & Mutations

You are tiny and cannot use many weapons and most armour.
You have supernaturally acute eyesight.
You are a herbivore.
You cover ground extremely quickly.
You need consume almost no food.


Message History

The goblin is heavily wounded.
The hobgoblin barely misses you. The goblin closely misses you.
The goblin barely misses you. The goblin misses you.
The hobgoblin completely misses you. The goblin barely misses you.
Robin hits you from afar with a spear of venom.
* * * LOW HITPOINT WARNING * * *
As you read the scroll of teleportation, it crumbles to dust.
You feel strangely unstable. The hobgoblin barely misses you.
The goblin closely misses you. The goblin barely misses you.
The goblin misses you.
The hobgoblin hits you but does no damage.
The goblin closely misses you. The hobgoblin misses you.
The goblin closely misses you. The goblin completely misses you.
The goblin closely misses you. The hobgoblin closely misses you.
The goblin closely misses you. The hobgoblin misses you.
The goblin closely misses you. The goblin barely misses you.
The hobgoblin hits you.
* * * LOW HITPOINT WARNING * * *
The goblin hits you with a club.
You die...

##........#
#######...8.8
#.......###
#....8.
#.......#
#......
#.......#
#......
#.......#
#######
#.......#####
##.....#....#
#####.#gg..#
#.g@gg.#
###ggg......
#ggb(.....
#g........
.........!
##..../....
#[........
#.........


You could see Robin, 3 hobgoblins, 7 goblins and a bat.

Vanquished Creatures
  An ooze (D:1)
  4 giant cockroaches
  7 goblins
  8 hobgoblins
  2 kobolds (D:1)
  6 bats
28 creatures vanquished.

Notes
Turn   | Place    | Note
--------------------------------------------------------------
     0 | D:1      | sqallbeste the Spriggan Assassin began the quest for the Orb.
     0 | D:1      | Reached XP level 1. HP: 10/10 MP: 2/2
    12 | D:1      | Reached skill level 6 in Stealth
    78 | D:1      | Reached XP level 2. HP: 9/14 MP: 3/3
   486 | D:1      | Reached skill level 7 in Stealth
  1087 | D:2      | Reached XP level 3. HP: 18/18 MP: 4/4
  1088 | D:2      | Found a faded altar to an unknown god.
  1119 | D:2      | Became a worshipper of Trog the Wrathful
  1119 | D:2      | Acquired Trog's first power
  1143 | D:2      | Noticed Robin
  1165 | D:2      | Slain by a goblin

Vault maps used:
D:1:      ncdulo_lavacross
D:2:      first_bread, ecumenical_altar_2, uniq_robin

Action                   || total
-------------------------++-------
Melee: Dagger            ||    72
Invok: Berserk           ||     1
  Use: Scroll            ||     3
       Potion            ||     1
 Stab: Sleeping          ||     8
